[ AOE2 MATCH · #513619697 ]
UnrankedMuisca vs Lithuanians
Player's team · WIN
[ REPLAY ANALYSIS · EXTRACTED FROM THE RECORDED GAME ]
Feudal
12:44
Castle
21:25
Imperial
—
| APM avg | 34.5 |
| APM peak | 71 |
| eAPM avg | 15.1 |
| Villagers / military | 76 / 57 |
Focus
⚔️ 37.5% · 🌾 62.5%
Unknown (2550) ×50 · Archer ×48 · Skirmisher ×6 · Monk ×2 · Unknown (2586) ×2 · Spearman ×1
Feudal
8:56
Castle
20:07
Imperial
—
| APM avg | 42.4 |
| APM peak | 79 |
| eAPM avg | 22.4 |
| Villagers / military | 94 / 113 |
Focus
⚔️ 32.7% · 🌾 67.3%
Skirmisher ×58 · Knight ×46 · Archer ×6 · Monk ×2 · Scout Cavalry ×1
Match map
Initial resources + every placement click. Lines = walls · curves = elevation contours. ◆ gold · ⬟ stone · ● berries · ✦ relic · ◌ wall gap
Your base· ✓ Closed at 21:25 · 49t walls · 1 gate(s)
ephemeral's base· ✓ Closed at 20:07 · 48t walls · 2 gate(s)
Smoothed initial terrain · ◌ = detected wall gap · hover for details
Inputs per minute
— niksu - - ephemeral
Build order — niksu
First 150 of 283 actions detected
| 0:01 | Queue | Villager (Male) |
| 0:02 | Queue | Villager (Male) |
| 0:02 | Queue | Villager (Male) |
| 0:02 | Queue | Villager (Male) |
| 0:03 | Build | House |
| 0:04 | Build | House |
| 1:26 | Queue | Villager (Male) |
| 1:26 | Queue | Villager (Male) |
| 2:07 | Queue | Villager (Male) |
| 2:17 | Queue | Villager (Male) |
| 2:52 | Queue | Villager (Male) |
| 2:52 | Queue | Villager (Male) |
| 3:16 | Queue | Villager (Male) |
| 3:46 | Queue | Villager (Male) |
| 3:55 | Queue | Villager (Male) |
| 4:00 | Build | Settlement |
| 4:24 | Queue | Villager (Male) |
| 4:57 | Queue | Villager (Male) |
| 5:07 | Build | Barracks |
| 5:10 | Queue | Villager (Male) |
| 5:20 | Build | House |
| 5:24 | Build | Palisade Wall |
| 5:39 | Queue | Villager (Male) |
| 5:59 | Build | Palisade Wall |
| 6:03 | Build | House |
| 6:12 | Queue | Villager (Male) |
| 6:14 | Queue | Unit 2550 |
| 6:14 | Queue | Unit 2550 |
| 6:34 | Queue | Villager (Male) |
| 6:58 | Queue | Villager (Male) |
| 7:14 | Build | Settlement |
| 7:23 | Queue | Villager (Male) |
| 7:29 | Queue | Unit 2550 |
| 8:00 | Queue | Villager (Male) |
| 8:12 | Build | Farm |
| 8:13 | Queue | Villager (Male) |
| 8:23 | Build | Palisade Wall |
| 8:41 | Queue | Villager (Male) |
| 8:49 | Queue | Villager (Male) |
| 8:55 | Build | Settlement |
| 9:33 | Queue | Villager (Male) |
| 9:39 | Build | Farm |
| 10:04 | Build | Palisade Wall |
| 10:09 | Research | Loom |
| 10:20 | Build | Palisade Wall |
| 10:32 | Research | Feudal Age |
| 10:50 | Build | Outpost |
| 11:07 | Build | Palisade Wall |
| 11:22 | Build | Palisade Wall |
| 12:08 | Build | Farm |
| 12:37 | Queue | Villager (Male) |
| 12:44 | Age | Feudal Age |
| 12:47 | Build | Archery Range |
| 12:49 | Queue | Spearman |
| 12:57 | Queue | Villager (Male) |
| 13:01 | Build | Farm |
| 13:04 | Build | Farm |
| 13:07 | Build | Farm |
| 13:09 | Build | Farm |
| 13:11 | Research | Double-Bit Axe |
| 13:42 | Build | Outpost |
| 13:43 | Queue | Villager (Male) |
| 13:47 | Queue | Archer |
| 13:47 | Queue | Archer |
| 13:50 | Build | Farm |
| 14:02 | Build | Palisade Wall |
| 14:07 | Build | Palisade Gate |
| 14:08 | Queue | Archer |
| 14:21 | Research | Town Watch |
| 14:22 | Queue | Villager (Male) |
| 14:48 | Queue | Skirmisher |
| 14:48 | Queue | Skirmisher |
| 15:03 | Queue | Villager (Male) |
| 15:15 | Queue | Villager (Male) |
| 15:17 | Queue | Skirmisher |
| 15:21 | Build | Farm |
| 15:21 | Build | Farm |
| 15:21 | Build | Farm |
| 15:21 | Build | Farm |
| 15:42 | Build | Outpost |
| 15:45 | Build | Outpost |
| 15:46 | Queue | Villager (Male) |
| 16:01 | Build | Blacksmith |
| 16:06 | Build | House |
| 16:20 | Queue | Villager (Male) |
| 16:23 | Queue | Skirmisher |
| 16:37 | Research | Padded Archer Armor |
| 16:58 | Build | Settlement |
| 17:06 | Queue | Villager (Male) |
| 17:07 | Queue | Villager (Male) |
| 17:44 | Queue | Skirmisher |
| 18:14 | Queue | Villager (Male) |
| 18:17 | Build | Market |
| 18:45 | Research | Castle Age |
| 18:56 | Queue | Archer |
| 18:56 | Queue | Archer |
| 18:56 | Queue | Archer |
| 19:24 | Research | Fletching |
| 19:33 | Queue | Villager (Male) |
| 19:43 | Research | Horse Collar |
| 19:47 | Build | Archery Range |
| 19:51 | Queue | Archer |
| 20:04 | Queue | Villager (Male) |
| 20:38 | Queue | Skirmisher |
| 20:43 | Queue | Archer |
| 20:43 | Queue | Archer |
| 20:48 | Build | Farm |
| 20:48 | Build | Farm |
| 20:50 | Queue | Villager (Male) |
| 21:07 | Queue | Archer |
| 21:08 | Queue | Archer |
| 21:25 | Age | Castle Age |
| 21:35 | Research | Bodkin Arrow |
| 21:36 | Research | Crossbowman (upgrade) |
| 21:39 | Build | House |
| 21:41 | Build | House |
| 21:47 | Queue | Archer |
| 21:47 | Queue | Archer |
| 22:18 | Queue | Archer |
| 22:18 | Queue | Archer |
| 22:34 | Queue | Unit 2586 |
| 22:36 | Queue | Villager (Male) |
| 22:50 | Build | Town Center |
| 22:52 | Queue | Archer |
| 22:52 | Queue | Archer |
| 22:56 | Queue | Villager (Male) |
| 22:57 | Queue | Unit 2586 |
| 23:10 | Queue | Archer |
| 23:10 | Queue | Archer |
| 23:14 | Build | Farm |
| 23:18 | Build | House |
| 23:38 | Queue | Villager (Male) |
| 23:40 | Queue | Archer |
| 23:40 | Queue | Archer |
| 24:08 | Queue | Villager (Male) |
| 24:10 | Queue | Archer |
| 24:10 | Queue | Archer |
| 24:20 | Queue | Villager (Male) |
| 24:29 | Build | House |
| 24:34 | Build | Settlement |
| 24:57 | Queue | Villager (Male) |
| 25:13 | Queue | Archer |
| 25:15 | Queue | Villager (Male) |
| 25:18 | Build | Farm |
| 25:18 | Build | Farm |
| 25:19 | Build | Farm |
| 25:19 | Build | Farm |
| 25:19 | Build | Farm |
| 25:29 | Build | Farm |
| 25:29 | Build | Farm |
Build order — ephemeral
First 150 of 373 actions detected
| 0:00 | Queue | Villager (Male) |
| 0:02 | Build | House |
| 0:03 | Build | House |
| 0:03 | Queue | Villager (Male) |
| 0:19 | Queue | Villager (Male) |
| 0:32 | Queue | Villager (Male) |
| 0:44 | Queue | Villager (Male) |
| 0:55 | Queue | Villager (Male) |
| 1:28 | Queue | Villager (Male) |
| 1:49 | Build | Lumber Camp |
| 2:02 | Queue | Villager (Male) |
| 2:11 | Queue | Villager (Male) |
| 2:45 | Queue | Villager (Male) |
| 2:45 | Queue | Villager (Male) |
| 2:59 | Queue | Villager (Male) |
| 3:43 | Queue | Villager (Male) |
| 4:05 | Queue | Villager (Male) |
| 4:12 | Build | House |
| 5:00 | Queue | Villager (Male) |
| 5:14 | Queue | Villager (Male) |
| 5:36 | Build | Mill |
| 6:16 | Queue | Villager (Male) |
| 6:44 | Research | Feudal Age |
| 7:07 | Build | Barracks |
| 7:08 | Build | House |
| 7:26 | Queue | Villager (Male) |
| 7:39 | Build | Palisade Wall |
| 7:40 | Build | Palisade Wall |
| 7:55 | Queue | Villager (Male) |
| 8:31 | Build | Lumber Camp |
| 8:56 | Age | Feudal Age |
| 9:01 | Queue | Villager (Male) |
| 9:04 | Research | Loom |
| 9:12 | Research | Double-Bit Axe |
| 9:12 | Research | Double-Bit Axe |
| 9:27 | Build | House |
| 9:30 | Build | Palisade Wall |
| 9:31 | Build | Palisade Wall |
| 9:36 | Queue | Villager (Male) |
| 9:44 | Build | Palisade Wall |
| 9:46 | Build | Palisade Wall |
| 9:47 | Build | Palisade Wall |
| 9:53 | Build | Palisade Wall |
| 9:54 | Build | Palisade Wall |
| 10:03 | Build | Palisade Wall |
| 10:03 | Build | Palisade Wall |
| 10:08 | Build | Palisade Wall |
| 10:09 | Build | Palisade Wall |
| 10:12 | Build | Palisade Wall |
| 10:13 | Build | Palisade Wall |
| 10:14 | Build | Palisade Wall |
| 10:14 | Build | Palisade Wall |
| 10:23 | Queue | Villager (Male) |
| 10:27 | Build | Archery Range |
| 10:31 | Build | Palisade Wall |
| 10:33 | Queue | Villager (Male) |
| 10:47 | Queue | Villager (Male) |
| 10:54 | Queue | Villager (Male) |
| 11:06 | Build | Mining Camp |
| 11:09 | Queue | Villager (Male) |
| 11:24 | Build | House |
| 11:26 | Build | House |
| 11:28 | Build | House |
| 11:30 | Queue | Villager (Male) |
| 11:33 | Build | Palisade Wall |
| 11:40 | Build | Palisade Gate |
| 11:42 | Queue | Villager (Male) |
| 11:45 | Queue | Villager (Male) |
| 11:53 | Build | Farm |
| 11:59 | Build | Farm |
| 12:02 | Build | Farm |
| 12:03 | Queue | Villager (Male) |
| 12:04 | Queue | Archer |
| 12:09 | Build | Farm |
| 12:12 | Build | Farm |
| 12:28 | Queue | Archer |
| 12:33 | Build | Palisade Wall |
| 12:46 | Build | Blacksmith |
| 12:48 | Queue | Villager (Male) |
| 12:57 | Queue | Villager (Male) |
| 13:00 | Build | Farm |
| 13:02 | Queue | Archer |
| 13:20 | Build | Palisade Wall |
| 13:31 | Build | Farm |
| 13:33 | Queue | Archer |
| 13:39 | Queue | Villager (Male) |
| 13:42 | Build | Farm |
| 13:44 | Build | Farm |
| 13:49 | Queue | Villager (Male) |
| 13:55 | Queue | Archer |
| 14:09 | Research | Fletching |
| 14:09 | Research | Fletching |
| 14:12 | Build | Farm |
| 14:28 | Build | Palisade Wall |
| 14:33 | Build | Farm |
| 14:35 | Build | Farm |
| 14:35 | Build | Farm |
| 14:40 | Queue | Villager (Male) |
| 15:00 | Queue | Villager (Male) |
| 15:02 | Queue | Archer |
| 15:10 | Build | Farm |
| 15:11 | Build | Farm |
| 15:12 | Queue | Villager (Male) |
| 15:49 | Build | Stable |
| 16:17 | Queue | Villager (Male) |
| 16:21 | Build | Farm |
| 16:30 | Build | House |
| 16:33 | Build | Palisade Wall |
| 16:34 | Build | Palisade Wall |
| 16:39 | Build | Farm |
| 16:41 | Build | Farm |
| 16:54 | Queue | Villager (Male) |
| 17:00 | Build | House |
| 17:01 | Build | House |
| 17:27 | Research | Castle Age |
| 17:28 | Research | Castle Age |
| 17:47 | Research | Gold Mining |
| 18:07 | Build | Farm |
| 18:12 | Queue | Villager (Male) |
| 18:22 | Research | Bloodlines |
| 18:36 | Build | Stable |
| 18:45 | Build | House |
| 18:47 | Build | Palisade Wall |
| 18:49 | Build | Palisade Wall |
| 18:49 | Build | Palisade Wall |
| 18:50 | Build | Palisade Wall |
| 18:53 | Research | Scale Barding Armor |
| 19:04 | Build | Palisade Wall |
| 19:08 | Build | Palisade Wall |
| 19:09 | Build | Palisade Wall |
| 19:15 | Queue | Villager (Male) |
| 19:18 | Research | Wheelbarrow |
| 19:24 | Research | Horse Collar |
| 19:25 | Research | Horse Collar |
| 19:36 | Queue | Scout Cavalry |
| 20:00 | Build | Palisade Gate |
| 20:05 | Build | Palisade Wall |
| 20:07 | Age | Castle Age |
| 20:10 | Queue | Knight |
| 20:10 | Queue | Knight |
| 20:16 | Queue | Villager (Male) |
| 20:27 | Build | Farm |
| 20:28 | Build | Farm |
| 20:34 | Queue | Villager (Male) |
| 20:52 | Build | Farm |
| 21:04 | Queue | Villager (Male) |
| 21:12 | Research | Bow Saw |
| 21:12 | Research | Bow Saw |
| 21:16 | Build | Town Center |
| 21:29 | Queue | Villager (Male) |
Match timeline
| 5:07 | niksu · first_building Barracks |
| 5:24 | niksu · wall_segment Palisade Wall x6 |
| 5:59 | niksu · wall_segment Palisade Wall x1 |
| 7:07 | ephemeral · first_building Barracks |
| 7:39 | ephemeral · wall_segment Palisade Wall x1 |
| 7:40 | ephemeral · wall_segment Palisade Wall x1 |
| 8:23 | niksu · wall_segment Palisade Wall x10 |
| 8:56 | ephemeral · age_up feudal |
| 9:30 | ephemeral · wall_segment Palisade Wall x1 |
| 9:31 | ephemeral · wall_segment Palisade Wall x1 |
| 9:44 | ephemeral · wall_segment Palisade Wall x1 |
| 9:46 | ephemeral · wall_segment Palisade Wall x1 |
| 9:47 | ephemeral · wall_segment Palisade Wall x1 |
| 9:53 | ephemeral · wall_segment Palisade Wall x1 |
| 9:54 | ephemeral · wall_segment Palisade Wall x1 |
| 10:03 | ephemeral · wall_segment Palisade Wall x1 |
| 10:03 | ephemeral · wall_segment Palisade Wall x1 |
| 10:04 | niksu · wall_segment Palisade Wall x5 |
| 10:08 | ephemeral · wall_segment Palisade Wall x1 |
| 10:09 | ephemeral · wall_segment Palisade Wall x1 |
| 10:12 | ephemeral · wall_segment Palisade Wall x1 |
| 10:13 | ephemeral · wall_segment Palisade Wall x1 |
| 10:14 | ephemeral · wall_segment Palisade Wall x1 |
| 10:14 | ephemeral · wall_segment Palisade Wall x1 |
| 10:20 | niksu · wall_segment Palisade Wall x10 |
| 10:27 | ephemeral · first_building Archery Range |
| 10:31 | ephemeral · wall_segment Palisade Wall x1 |
| 11:07 | niksu · wall_segment Palisade Wall x4 |
| 11:22 | niksu · wall_segment Palisade Wall x8 |
| 11:33 | ephemeral · wall_segment Palisade Wall x1 |
| 12:33 | ephemeral · wall_segment Palisade Wall x1 |
| 12:44 | niksu · age_up feudal |
| 12:47 | niksu · first_building Archery Range |
| 13:20 | ephemeral · wall_segment Palisade Wall x1 |
| 14:02 | niksu · wall_segment Palisade Wall x6 |
| 14:28 | ephemeral · wall_segment Palisade Wall x1 |
| 15:49 | ephemeral · first_building Stable |
| 16:33 | ephemeral · wall_segment Palisade Wall x7 |
| 16:34 | ephemeral · wall_segment Palisade Wall x1 |
| 18:47 | ephemeral · wall_segment Palisade Wall x1 |
| 18:49 | ephemeral · wall_segment Palisade Wall x1 |
| 18:49 | ephemeral · wall_segment Palisade Wall x1 |
| 18:50 | ephemeral · wall_segment Palisade Wall x1 |
| 19:04 | ephemeral · wall_segment Palisade Wall x7 |
| 19:08 | ephemeral · wall_segment Palisade Wall x5 |
| 19:09 | ephemeral · wall_segment Palisade Wall x1 |
| 19:22 | niksu · first_market_buy 100 food |
| 20:05 | ephemeral · wall_segment Palisade Wall x1 |
| 20:07 | ephemeral · age_up castle |
| 21:25 | niksu · age_up castle |
| 21:37 | ephemeral · first_building Monastery |
| 30:21 | niksu · first_building Monastery |
| 30:37 | niksu · first_market_sell 100 stone |
| 35:50 | niksu · first_building Castle |
| 37:21 | ephemeral · resign |
[ AI ANALYSIS · 1 CREDIT ]
What really happened in this match?
Wolo.gg analyzes every decision: build order, eco, micro, common mistakes by bracket. Personalized analysis on WhatsApp or Discord in 30 seconds.
Civ guide
Muisca
Perfil
Jugador #1885593